 Dungeon Crawl Stone Soup version 0.31-a0-7-g51783674b7 (webtiles) character file.

Game seed: 9083405285205758019

473 Dittersdorf the Trooper (level 7, 0/44 HPs)
             Began as a Gargoyle Fighter on May 5, 2023.
             Slain by Pikel
             ... wielding a +2 whip of flaming
              (1 damage)
             ... on level 4 of the Dungeon.
             The game lasted 00:04:32 (3339 turns).

Dittersdorf the Trooper (Gargoyle Fighter)          Turns: 3339, Time: 00:04:33

Health: 0/44       AC: 15    Str: 22    XL:     7   Next: 10%
Magic:  7/7        EV:  8    Int: 14    God:
Gold:   1004       SH:  9    Dex:  9    Spells: 6/6 levels left

rFire   . . .        a - +1 flail
rCold   . . .        c - +0 buckler
rNeg    + . .        p - +0 chain mail
rPois   ∞            v - +0 helmet
rElec   +            (no cloak)
rCorr   .            (no gloves)
SInv    .            (no boots)
Will    .....        q - amulet of reflection Stlth
                     f - +6 ring of intelligence
HPRegen 0.27/turn    (no ring)
MPRegen 0.10/turn

%: reflection
@: no status effects
A: sickness immunity, AC +4, negative energy resistance 1, electricity
resistance, torment resistance 1, petrification resistance
a: no special abilities


You were on level 4 of the Dungeon.
You visited 1 branch of the dungeon, and saw 4 of its levels.

You collected 1004 gold pieces.

Inventory:

Hand Weapons
 a - a +1 flail (weapon)
Missiles
 k - 3 curare-tipped darts (quivered)
Armour
 c - a +0 buckler (worn)
 p - a +0 chain mail (worn)
 v - a +0 helmet (worn)
Jewellery
 f - a +6 ring of intelligence (left hand)
 q - an amulet of reflection (around neck)
Wands
 n - a wand of flame (42)
Scrolls
 e - a scroll of enchant weapon
 i - a scroll of magic mapping
 j - 2 scrolls of identify
Potions
 b - a potion of berserk rage
 d - a potion of might
 g - 3 potions of curing
 h - 4 potions of heal wounds
 o - 3 potions of attraction
 r - a potion of mutation
 s - a potion of invisibility
 u - a potion of resistance


   Skills:
 + Level 5.1 Fighting
 + Level 4.0 Maces & Flails
 + Level 5.0 Armour
 + Level 5.1 Shields


You had 6 spell levels left.
You didn't know any spells.
Your spell library contained the following spells:

 Spells                   Type           Power      Damage    Failure   Level
 Wereblood                Tmut           0%         N/A       97%         2
 Summon Hydra             Summ           0%         N/A       100%        7
 Sublimation of Blood     Necr           Unusable   N/A       N/A         2

Dungeon Overview and Level Annotations

Branches:
Dungeon (4/15)
 Temple: D:4-7

Altars:
Elyvilon

Shops:
D:4 (

Annotations:
D:4 Pikel


Innate Abilities, Weirdness & Mutations

You are immune to sickness and miasma.
Your stone body is resilient. (AC +4)
You are immune to poison.
You resist negative energy. (rN+)
You are resistant to electric shocks. (rElec)
You are resistant to unholy torment.
You are immune to petrification.


Message History

You are too injured to fight recklessly!
You are too injured to fight recklessly!
You are too injured to fight recklessly!
You are too injured to fight recklessly!
You are too injured to fight recklessly!
You are too injured to fight recklessly!
You are too injured to fight recklessly!
You are too injured to fight recklessly!
You are too injured to fight recklessly!
You hit Pikel.
Pikel is severely wounded.
The lemure barely misses you. Pikel barely misses you.
The lemure barely misses you. Pikel hits you but does no damage.
You hit Pikel.
Pikel is severely wounded.
Pikel hits you with a +2 whip of flaming.
Pikel burns you. The lemure closely misses you.
You barely miss Pikel.
Pikel is severely wounded.
Pikel hits you but does no damage. The lemure hits you but does no damage.
You hit Pikel.
Pikel is almost dead.
The lemure hits you but does no damage. Pikel hits you but does no damage.
You barely miss Pikel.
Pikel is almost dead.
The lemure hits you.
Pikel hits you with a +2 whip of flaming!
* * * LOW HITPOINT WARNING * * *
Pikel burns you.
* * * LOW HITPOINT WARNING * * *
The lemure hits you.
* * * LOW HITPOINT WARNING * * *
Pikel says, "Don't tell anyone, but I think Ereshkigal likes me."
You block Pikel's attack.
You closely miss Pikel.
Pikel is almost dead.
Pikel hits you with a +2 whip of flaming.
* * * LOW HITPOINT WARNING * * *
Pikel burns you.
You die...

#....######
*,,,,,,,,,,#.
#....'....#
**********,#.
#....####.# *,#.
###### #.# *,#.
#.## *,*, #..###
******** *,*,
##...# *,,,,,,*
*,*, ###.##
*,,,,,,* **,**
#.@#**,,,,,,***,,**
##5K55....,,**,,***
####5....,,,,,** *
*,....,,****
**,..>,,*******
*,,..,,+,,,,,,
*,,,.,,******,
*,,,,,,* *,
*,,,,,,* *,


You could see Pikel and 4 lemures.

Vanquished Creatures
  A black bear (D:4)
  A scorpion (D:4)
  2 hounds (D:4)
  A sleepcap (D:4)
  Ijyb (D:4)
  Terence (D:2)
  Robin (D:3)
  A gnoll (D:1)
  7 adders
  2 dart slugs
  6 ball pythons
  8 endoplasms
  3 giant cockroaches
  17 goblins
  12 hobgoblins
  10 jackals
  2 quokkas
  7 bats
  4 frilled lizards
  5 kobolds
  3 rats
95 creatures vanquished.

Notes
Turn   | Place    | Note
-------+----------+-------------------------------------------
     0 | D:1      | Dittersdorf the Gargoyle Fighter began the quest for the
                  | Orb.
     0 | D:1      | Reached XP level 1. HP: 14/14 MP: 1/1
    53 | D:1      | Reached XP level 2. HP: 18/19 MP: 2/2
   265 | D:1      | Reached XP level 3. HP: 17/23 MP: 3/3
   931 | D:2      | Noticed Terence
   943 | D:2      | Killed Terence
   944 | D:2      | Reached XP level 4. HP: 5/29 MP: 4/4
  1939 | D:3      | Found a white marble altar of Elyvilon.
  2206 | D:3      | Noticed Robin
  2220 | D:3      | Reached XP level 5. HP: 24/33 MP: 5/5
  2251 | D:3      | Killed Robin
  2504 | D:4      | Identified a scroll of acquirement
  2504 | D:4      | Acquired 860 gold pieces
  2540 | D:4      | Noticed a black bear
  2555 | D:4      | Killed a black bear
  2556 | D:4      | Reached XP level 6. HP: 34/39 MP: 6/6
  2686 | D:4      | Found Ummej's Weapon Boutique.
  2905 | D:4      | Noticed Ijyb
  2916 | D:4      | Killed Ijyb
  3058 | D:4      | Reached skill level 5 in Fighting
  3058 | D:4      | Reached skill level 5 in Armour
  3058 | D:4      | Reached skill level 5 in Shields
  3109 | D:4      | Reached XP level 7. HP: 44/44 MP: 7/7
  3318 | D:4      | Noticed Pikel
  3339 | D:4      | HP: 1/44 [Pikel/+2 whip of flaming (2)]
  3339 | D:4      | Slain by Pikel

Illustrated notes

Levels and vault maps discovered:
D:1:      spicycebolla_arrival_ecumenical, layout_basic,
          hangedman_decor_riveting
D:2:      layout_basic, uniq_terence
D:3:      layout_basic, elyvilon_altar_1, kennysheep_generic_room_4, uniq_robin
D:4:      kennysheep_goblin_castle, layout_basic, minitemple, serial_shops,
          nicolae_shop_back_alley_shop, uniq_grinder, uniq_pikel

Skill      XL: |  1  2  3  4  5  6 |
---------------+-------------------+-----
Fighting       | 4 5 |  5.1
Shields        | 4 5 |  5.1
Armour         | 4 5 |  5.0
Maces & Flails | 3 4 |  4.0

Action                     |  1- 3 |  4- 6 |  7- 9 || total
---------------------------+-------+-------+-------++-------
  Melee: Flail             |   104 |   238 |    34 ||   376
    Use: Scroll            |       |    15 |       ||    15
 Armour: Scale mail        |    72 |     1 |       ||    73
         Chain mail        |       |   177 |    17 ||   194
  Dodge: Dodged            |    58 |   115 |    13 ||   186
  Block: Buckler           |    26 |   165 |    23 ||   214
         Reflection        |       |     1 |       ||     1

Table legend: (Time is in decaauts)
 A = Elapsed time spent in this place.
 B = Non-inter-level travel time spent in this place.
 C = Inter-level travel time spent in this place.
 D = Time resting spent in this place.
 E = Time spent auto-exploring this place.
 F = Levels seen in this place.
 G = Mean time per level.
                   A        B        C        D        E       F      G
               +--------+--------+--------+--------+--------+-----+--------+
         Total |   3442 |   3297 |    145 |    213 |   2238 |   4 |  860.5 |
       Dungeon |   3442 |   3297 |    145 |    213 |   2238 |   4 |  860.5 |
               +--------+--------+--------+--------+--------+-----+--------+

Top non-repeatable levels by time:
     D:2: 1103 daAuts
     D:4: 851 daAuts
     D:1: 748 daAuts
     D:3: 737 daAuts
